 Dungeon Crawl Stone Soup version 0.20.1-1-g8b1a95d (console) character file.

174012 bli the Champion of Chaos (level 17, -5/207 HPs)
             Began as a Demonspawn Monk on Aug 12, 2017.
             Was the Champion of Makhleb.
             Slain by the 27-headed Lernaean hydra (8 damage)
             ... on level 4 of the Swamp on Aug 15, 2017.
             The game lasted 05:34:21 (32337 turns).

bli the Champion of Chaos (Demonspawn Monk)        Turns: 32337, Time: 05:34:22

Health: -5/207     AC: 28    Str: 15    XL:     17   Next: 44%
Magic:  28/28      EV:  2    Int: 13    God:    Makhleb [******]
Gold:   2712       SH: 11    Dex: 20    Spells: 2/21 levels left

rFire    . . .     SeeInvis .   a - +9 quick blade (freeze)
rCold    . . .     Gourm    .   i - +0 buckler
rNeg     + + +     Faith    .   (armour currently unavailable)
rPois    +         Spirit   .   (helmet unavailable)
rElec    .         Reflect  +   (cloak currently unavailable)
rCorr    .         Harm     .   (gloves currently unavailable)
MR       +....     NoTele   +   (boots currently unavailable)
Stlth    ++++++....             q - +5 amulet of reflection
Regen    0.5/turn               u - +5 ring of evasion
MPRegen  0.3/turn               f - ring of poison resistance

@: tree-form, very slightly contaminated
A: powered by pain 3, strong 1
a: Minor Destruction, Lesser Servant of Makhleb, Major Destruction, Greater
Servant of Makhleb, Renounce Religion


You were on level 4 of the Swamp.
You worshipped Makhleb.
Makhleb was exalted by your worship.
You were not hungry.
You were a tree.
You visited 7 branches of the dungeon, and saw 30 of its levels.
You also visited: Bailey.

You collected 3812 gold pieces.
You spent 1100 gold pieces at shops.

Inventory:

Hand Weapons
 a - a +9 quick blade of freezing (weapon)
 b - the +6 short sword of Accord {drain, rN+ Str+2 Int+2}
   (You bought it in a shop on level 4 of the Dungeon)

   A truly terrible weapon, it drains the life of those it strikes.
   It affects your strength (+2).
   It affects your intelligence (+2).
   It protects you from negative energy.
 c - the +2 rapier "Qookleb" {vamp, rPois MR+ Int+4 Dex+3}
   (You found it on level 5 of the Lair of Beasts)

   It inflicts no extra harm, but heals its wielder when it wounds a living foe.
   It affects your intelligence (+4).
   It affects your dexterity (+3).
   It protects you from poison.
   It affects your resistance to hostile enchantments.
Armour
 d - a +3 troll leather armour (melded) {Snorg}
 e - a scarf of resistance (melded)
 i - a +0 buckler (worn)
 Z - a +2 pair of gloves (melded)
Jewellery
 f - a ring of poison resistance (right branch)
 o - an uncursed ring of stealth
 q - a +5 amulet of reflection (around neck)
 t - an uncursed ring of protection from magic
 u - a +5 ring of evasion (left branch)
 C - an uncursed amulet of magic regeneration
 E - an uncursed ring of see invisible
 F - an uncursed ring of positive energy
 M - an uncursed ring of protection from fire
 T - an uncursed amulet of guardian spirit
Wands
 j - a wand of clouds (2/9)
 l - a wand of disintegration (11/24)
 r - a wand of acid (0/15)
 s - a wand of polymorph (11/24)
 w - a wand of lightning (3/15)
 K - a wand of paralysis (9/24)
 U - a wand of iceblast (0/15)
Scrolls
 m - 13 scrolls of teleportation
 n - 4 scrolls of fear
 S - 6 scrolls of fog
 V - 3 scrolls of silence
 X - 2 scrolls of summoning
Potions
 h - 2 potions of resistance
 k - 10 potions of curing
 A - 5 potions of agility
 D - 3 potions of might
 G - 8 potions of lignification
 H - 3 potions of invisibility
 I - 6 potions of flight
 J - 2 potions of cancellation
 L - 4 potions of haste
 O - 10 potions of brilliance
 Q - 6 potions of ambrosia
 R - a potion of berserk rage
Miscellaneous
 g - a lamp of fire
 p - a lightning rod (4/4)
Comestibles
 N - 5 meat rations
 Y - 14 royal jellies


   Skills:
 * Level 13.7 Fighting
 + Level 13.1 Short Blades
 + Level 4.0 Armour
 + Level 12.3 Dodging
 * Level 13.2 Stealth
 - Level 5.0 Shields
 + Level 2.9 Spellcasting
 * Level 2.8 Conjurations
 - Level 1.0 Charms
 + Level 2.0 Summonings
 - Level 5.0 Translocations
 + Level 3.0 Transmutations
 + Level 3.0 Fire Magic
 + Level 2.2 Air Magic
 * Level 4.2 Poison Magic
 + Level 15.7 Invocations
 + Level 1.6 Evocations


You had 2 spell levels left.
You knew the following spells:

 Your Spells              Type           Power        Failure   Level  Hunger
a - Sting                 Conj/Pois      ##..         5%          1    #......
b - Summon Butterflies    Summ           #.......     10%         1    #......
c - Mephitic Cloud        Conj/Pois/Air  ##......     19%         3    ###....
i - Ignite Poison         Fire/Tmut/Pois ##......     17%         3    ###....
A - Apportation           Tloc           ###...       2%          1    #......
B - Lesser Beckoning      Tloc           ###.......   9%          3    ###....
I - Alistair's Intoxicat  Tmut/Pois      ##......     80%         5    ######.
S - Shroud of Golubria    Chrm/Tloc      #.........   10%         2    ###....


Dungeon Overview and Level Annotations

Branches:
Dungeon (15/15)            Temple (0/1) D:7            Lair (6/6) D:10
  Swamp (4/4) Lair:4        Snake (1/4) Lair:4        Slime (0/5) Lair:5
    Orc (2/2) D:9             Elf (1/3) Orc:2        Vaults (0/5) D:13
 Depths (1/5) D:15

Altars:
Dithmenos
Elyvilon
Fedhas
Hepliaklqana
Kikubaaqudgha
Makhleb
Ru
Uskayaw
Vehumet
Yredelemnul
Zin
The Shining One
Jiyva

Shops:
D:4 (   D:7 ?(?   D:12 (   Orc:2 *[:(   Elf:1 (

Portals:
Hell: Lair:6

Annotations:
Swamp:1 1 exclusion
Swamp:4 Lernaean hydra


Innate Abilities, Weirdness & Mutations

((You have sharp fingernails.))
((You have hoof-like feet.))
((You have a pair of large horns on your head.))
You are powered by pain.
((You are mostly covered in sharp spines.))
((You are resistant to electric shocks. (rElec)))
Your muscles are strong. (Str +2)


Message History

You freeze the 27-headed Lernaean hydra.
The 27-headed Lernaean hydra is almost dead.
The swamp dragon bites you but does no damage.
The swamp dragon claws you but does no damage.
The swamp dragon tramples you but does no damage.
The 27-headed Lernaean hydra bites you!
* * * LOW HITPOINT WARNING * * *
You block the 27-headed Lernaean hydra's attack.
The 27-headed Lernaean hydra bites you but does no damage. x2
The 27-headed Lernaean hydra bites you.
* * * LOW HITPOINT WARNING * * *
The 27-headed Lernaean hydra bites you but does no damage. x3
You block the 27-headed Lernaean hydra's attack.
The 27-headed Lernaean hydra bites you but does no damage.
The 27-headed Lernaean hydra completely misses you.
The 27-headed Lernaean hydra bites you but does no damage.
The 27-headed Lernaean hydra bites you.
* * * LOW HITPOINT WARNING * * *
The 27-headed Lernaean hydra bites you!
You die...

§≈.≈§≈. ≈. ..≈≈≈≈≈ ..≈≈ ≈.≈≈≈≈§
♣..♣..♣ ♣n.≈ ♣♣.....≈ .....≈≈.♣
♣..♣♣ ♣....≈
≈≈≈≈≈...♣♣♣.≈§♣♣♣...♣
≈≈....≈..≈≈≈≈≈§§§≈§≈♣
#.≈..≈.≈.≈≈≈≈≈≈D.§♣
.....≈≈§..≈≈≈≈≈§♣♣♣♣♣♣♣
.≈.#.≈..≈≈≈≈≈≈§≈DD≈...♣♣♣
♣....♣.≈.≈≈≈k≈≈≈≈..≈≈≈≈(♣
♣...♣D.≈...≈≈≈≈≈≈.≈≈≈≈.♣♣
♣♣≈..≈D§♣..♣≈≈≈≈...≈≈≈≈..♣♣♣
♣♣...≈≈.≈♣♣♣.≈...♣....≈..≈.♣
.≈......≈♣♣♣♣≈≈♣♣♣♣♣♣≈≈..≈.♣♣♣♣♣
.....≈≈.♣≈..♣♣♣ ♣♣♣♣♣♣♣.≈§≈♣
k♣♣≈.D[†....♣♣♣♣♣ ♣♣..≈≈^♣≈≈.♣♣
§♣♣♣.≈♣..÷.♣♣≈..♣♣♣♣.≈≈...≈...♣
♣♣♣≈.♣♣≈≈.♣♣.≈≈≈≈.♣♣≈≈≈..♣♣♣≈≈§♣


You could see the 27-headed Lernaean hydra, 2 swamp dragons, a bog body and a
swamp drake.

Vanquished Creatures
  Frances (Snake:1)
  Donald (Swamp:2)
  Roxanne (Swamp:1)
  A frost giant (Depths:1)
  The ghost of gobwax the Minotaur Blade, a journeyman MiFi of Okawaru (Swamp:2)
  An orc warlord (Orc:2)
  Louise (Swamp:3)
  Aizul (Snake:1)
  A stone giant (Orc:2)
  A fire dragon (Elf:1)
  Snorg (Lair:4)
  A deep elf death mage (Elf:1)
  4 vault guards (D:13)
  25 hydras
  4 naga warriors (Snake:1)
  Harold (Lair:4)
  5 two-headed ogres
  A centaur warrior (D:13)
  A catoblepas (Elf:1)
  4 anacondas (Snake:1)
  2 dancing weapons (Elf:1)
  An ogre mage (D:15)
  The ghost of bosm the Quickloader, a journeyman KoHu of Nemelex Xobeh (D:10)
  8 alligators
  A tengu warrior (D:15)
  4 death yaks
  A shock serpent (Snake:1)
  3 orc high priests (Orc:2)
  A naga sharpshooter (Snake:1)
  A sun demon (Lair:6)
  Nergalle (Lair:2)
  9 deep elf knights
  A salamander mystic (Snake:1)
  The ghost of Mesmaeker13 the Skirmisher, a novice OgHu (D:5)
  2 unseen horrors
  A wizard (Lair:6)
  A spriggan druid (Swamp:3)
  6 deep elf archers
  3 shambling mangroves
  6 swamp dragons
  Pikel (D:8)
  6 orc knights
  11 ugly things
  A harpy (Elf:1)
  4 orc sorcerers (Orc:2)
  A wolf spider (D:9)
  6 mana vipers (Snake:1)
  3 salamanders (Snake:1)
  17 deep elf magi
  3 cyclopes
  9 manticores
  The ghost of adept the Cleaver, a novice GrBe of Trog (D:6)
  4 elephants
  6 naga magi (Snake:1)
  A smoke demon (Lair:6)
  8 black mambas
  2 guardian serpents
  Maurice (D:8)
  12 spiny frogs
  A gargoyle (D:12)
  2 orange demons (Lair:6)
  4 centaur skeletons (D:15)
  A spiny frog (shapeshifter) (D:15)
  3 rime drakes
  A yaktaur (shapeshifter) (D:13)
  A yaktaur (D:13)
  An ice devil (Lair:6)
  A freezing wraith (D:9)
  3 komodo dragons
  2 tengu conjurers (D:13)
  2 red devils (Lair:6)
  8 trolls
  A polar bear (Lair:2)
  5 hornets
  17 slime creatures
  5 tyrant leeches
  8 bog bodies
  3 blink frogs (Lair:3)
  A meliai zombie (D:15)
  A dream sheep (shapeshifter) (D:15)
  16 hippogriffs
  3 spriggans
  2 wraiths
  A redback (shapeshifter) (D:15)
  42 yaks
  An air elemental (Elf:1)
  4 shadows
  3 vampires
  3 wyverns
  2 hungry ghosts
  2 humans
  3 hogs (D:8)
  2 water elementals (Elf:1)
  A steam dragon (D:12)
  31 vampire mosquitoes
  2 basilisks
  11 nagas
  A warg (Orc:1)
  17 swamp worms
  11 insubstantial wisps
  An acid dragon (D:13)
  A soldier ant (D:11)
  6 hell hounds
  4 porcupines
  13 water moccasins
  25 orc warriors
  An ice beast (shapeshifter) (Elf:1)
  6 sky beasts
  6 ice beasts
  A slave (D:8)
  12 swamp drakes
  11 ogres
  A phantom (D:8)
  2 necrophages
  2 wolves (Lair:6)
  5 centaurs
  10 crocodiles
  3 big kobolds
  A wyvern zombie (D:12)
  30 bullfrogs
  An earth elemental (Elf:1)
  2 scorpions
  21 killer bees
  9 jellies
  4 wights
  10 crimson imps
  2 bullfrog zombies (D:9)
  A quasit (D:10)
  19 orc priests
  4 centaur zombies
  10 hounds
  29 orc wizards
  A bullfrog skeleton (D:11)
  4 iguanas
  11 worker ants
  A hound skeleton (D:10)
  2 howler monkey zombies (D:9)
  5 gnolls (D:3)
  A river rat (D:6)
  19 adders
  4 shadow imps
  2 adder zombies
  An adder skeleton (D:5)
  2 worms
  3 dart slugs
  3 leopard geckos
  52 orcs
  7 giant cockroaches
  28 goblins
  29 hobgoblins
  A jackal (D:8)
  25 kobolds
  3 quokkas
  2 ball pythons (D:1)
  6 bats
  6 frilled lizards
  A jackal skeleton (D:5)
  A jackal zombie (D:6)
  7 rats
  A spectral orc (D:9)
  2 butterflies (Lair:6)
  A plant (Lair:3)
921 creatures vanquished.

Vanquished Creatures (collateral kills)
  A deep elf demonologist (Elf:1)
  A fire dragon (Elf:1)
  A hydra (Elf:1)
  A naga warrior (Snake:1)
  A two-headed ogre (D:15)
  A death knight (D:12)
  3 alligators (Swamp:1)
  A naga sharpshooter (Snake:1)
  A dancing weapon (Elf:1)
  An orc high priest (Orc:2)
  A deep elf knight (Elf:1)
  A glowing orange brain (D:15)
  3 swamp dragons
  A deep elf archer (Elf:1)
  An orc knight (Orc:2)
  4 deep elf magi (Elf:1)
  3 manticores
  2 elephants (Lair:6)
  A centaur zombie (D:10)
  A naga mage (Snake:1)
  3 spiny frogs
  A centaur skeleton (D:11)
  A troll (D:12)
  2 hornets (Swamp:1)
  3 tyrant leeches (Swamp:1)
  5 slime creatures
  A bog body (Swamp:3)
  A vampire (D:12)
  3 wyverns
  A yak (D:12)
  A fire elemental (Elf:1)
  A vampire mosquito (Swamp:2)
  A hungry ghost (D:14)
  5 insubstantial wisps
  2 swamp worms (Swamp:4)
  An acid dragon (D:15)
  A naga (Snake:1)
  A hell hound (Lair:6)
  7 orc warriors (Orc:2)
  2 bullfrogs
  A crimson imp (D:15)
  4 orc priests (Orc:2)
  An orc wizard (Orc:2)
  17 orcs (Orc:2)
96 creatures vanquished.

Vanquished Creatures (others)
  A tyrant leech (Swamp:3)
  A slime creature (Swamp:2)
  2 slaves (D:8)
  A jackal (D:8)
  3 fungi
8 creatures vanquished.

Grand Total: 1025 creatures vanquished

Notes
Turn   | Place    | Note
-------+----------+-------------------------------------------
     0 | D:1      | bli the Demonspawn Monk began the quest for the Orb.
     0 | D:1      | Reached XP level 1. HP: 18/18 MP: 1/1
   145 | D:1      | Gained mutation: You have large cloven feet. [demonic ancestry]
   145 | D:1      | Reached XP level 2. HP: 24/24 MP: 2/2
   719 | D:2      | Found a hazy altar of Hepliaklqana.
   908 | D:2      | Gained mutation: You are partially covered in sharp spines. [demonic ancestry]
   908 | D:2      | Reached XP level 3. HP: 29/29 MP: 3/3
  1539 | D:3      | Reached XP level 4. HP: 37/37 MP: 4/4
  1697 | D:3      | Found a glowing silver altar of Zin.
  1873 | D:3      | Gained mutation: You sometimes gain a little power by taking damage. [demonic ancestry]
  1873 | D:3      | Reached XP level 5. HP: 42/42 MP: 5/5
  2262 | D:3      | Gained mutation: You sometimes gain power by taking damage. [demonic ancestry]
  2262 | D:3      | Reached XP level 6. HP: 47/49 MP: 6/6
  3021 | D:4      | Found Rouwaton's Weapon Shop.
  3119 | D:4      | Gained mutation: You have hoof-like feet. [demonic ancestry]
  3119 | D:4      | Reached XP level 7. HP: 34/55 MP: 7/7
  3254 | D:4      | Found a burning altar of Makhleb.
  3268 | D:4      | Became a worshipper of Makhleb the Destroyer
  3268 | D:4      | Reached * piety under Makhleb
  3268 | D:4      | Reached ** piety under Makhleb
  3601 | D:5      | Entered Level 5 of the Dungeon
  3616 | D:5      | Found a white marble altar of Elyvilon.
  3645 | D:5      | Noticed Mesmaeker13's ghost (novice OgHu)
  3752 | D:5      | Reached skill level 5 in Fighting
  4160 | D:5      | Reached skill level 5 in Short Blades
  4263 | D:5      | Reached skill level 1 in Invocations
  4343 | D:5      | Reached skill level 5 in Dodging
  4373 | D:5      | Gained mutation: You are mostly covered in sharp spines. [demonic ancestry]
  4373 | D:5      | Reached XP level 8. HP: 62/62 MP: 8/8
  4562 | D:5      | Killed Mesmaeker13's ghost
  4562 | D:5      | Reached skill level 3 in Invocations
  4882 | D:6      | Found a radiant altar of Vehumet.
  5021 | D:6      | Reached XP level 9. HP: 57/71 MP: 11/11
  5085 | D:6      | Found a blossoming altar of Fedhas.
  5162 | D:6      | Noticed adept's ghost (novice GrBe)
  5348 | D:7      | Found Doybu's Magic Scroll Boutique.
  5372 | D:7      | Found a staircase to the Ecumenical Temple.
  5477 | D:7      | Reached *** piety under Makhleb
  5537 | D:7      | Found Verruv's Magic Scroll Boutique.
  5607 | D:7      | Found Vymeut's Weapon Shoppe.
  5806 | D:8      | Noticed Maurice
  5848 | D:8      | Found an ancient bone altar of Kikubaaqudgha.
  5938 | D:8      | Reached skill level 5 in Stealth
  6047 | D:8      | Noticed Pikel
  6088 | D:8      | Killed Pikel
  6144 | D:8      | Gained mutation: Your muscles are strong. (Str +2) [mutagenic meat]
  6145 | D:8      | Gained mutation: Your magical capacity is low. (-10% MP) [mutagenic meat]
  6146 | D:8      | Gained mutation: Your body sometimes deteriorates upon taking damage. [mutagenic meat]
  6276 | D:8      | Killed Maurice
  6276 | D:8      | Gained mutation: You have a pair of small horns on your head. [demonic ancestry]
  6276 | D:8      | Reached XP level 10. HP: 55/80 MP: 11/11
  6468 | D:8      | Found a burning altar of Makhleb.
  6679 | D:4      | Bought the +6 short sword of Accord {drain, rN+ Str+2 Int+2} for 550 gold pieces
  6979 | D:6      | Found a sacrificial altar of Ru.
  7169 | D:6      | Killed adept's ghost
  7463 | D:6      | Reached **** piety under Makhleb
  7752 | D:8      | Reached skill level 4 in Invocations
  7948 | D:8      | Found a shadowy altar of Dithmenos.
  8091 | D:9      | Noticed a green ugly thing
  8098 | D:9      | Found a large runed door.
  8111 | D:9      | Killed a green ugly thing
  8112 | D:9      | Found a large runed door.
  8293 | D:9      | Found a staircase to the Orcish Mines.
  8302 | Orc:1    | Entered Level 1 of the Orcish Mines
  8360 | D:9      | Reached skill level 5 in Invocations
  8485 | D:9      | Found a glowing golden altar of the Shining One.
  8616 | D:9      | Found a basalt altar of Yredelemnul.
  8867 | D:9      | Reached XP level 11. HP: 89/89 MP: 13/13
  9044 | D:9      | Found a blossoming altar of Fedhas.
  9044 | D:9      | Noticed a wolf spider
  9054 | D:9      | Killed a wolf spider
  9065 | D:9      | Found a white marble altar of Elyvilon.
  9425 | Orc:2    | Entered Level 2 of the Orcish Mines
  9430 | Orc:2    | Noticed an orc sorcerer
  9430 | Orc:2    | Noticed an orc knight
  9434 | Orc:2    | Noticed a sixfirhy
  9444 | Orc:1    | Reached ***** piety under Makhleb
  9680 | D:10     | Entered Level 10 of the Dungeon
  9930 | D:10     | Noticed a death yak
  9953 | D:10     | Noticed a death yak
  9954 | D:10     | Found a staircase to the Lair.
  9963 | D:10     | Killed a death yak
  9979 | D:10     | Noticed a death yak
  9993 | D:10     | Reached skill level 10 in Fighting
 10073 | D:10     | Killed a death yak
 10280 | D:10     | Noticed bosm's ghost (journeyman KoHu)
 10336 | Lair:1   | Entered Level 1 of the Lair of Beasts
 10351 | Lair:1   | Noticed a six-headed hydra
 10369 | Lair:1   | Reached skill level 6 in Invocations
 10412 | Lair:1   | Killed a six-headed hydra
 11174 | Lair:2   | Noticed Nergalle
 11187 | Lair:2   | Killed Nergalle
 11187 | Lair:2   | Reached skill level 7 in Invocations
 11187 | Lair:2   | Reached XP level 12. HP: 99/99 MP: 15/15
 11317 | Lair:2   | Noticed a six-headed hydra
 11331 | Lair:2   | Killed a six-headed hydra
 11393 | Lair:2   | Noticed a six-headed hydra
 11401 | Lair:2   | Killed a six-headed hydra
 11416 | Lair:2   | Learned a level 2 spell: Shroud of Golubria
 12142 | Lair:3   | Reached skill level 8 in Invocations
 12199 | Lair:3   | Reached skill level 1 in Translocations
 12550 | Lair:3   | Noticed a five-headed hydra
 12557 | Lair:3   | Killed a five-headed hydra
 12848 | Lair:3   | Reached skill level 9 in Invocations
 13112 | Lair:4   | Noticed a seven-headed hydra
 13121 | Lair:4   | Killed a seven-headed hydra
 13121 | Lair:4   | Reached skill level 10 in Short Blades
 13331 | Lair:4   | Found a staircase to the Swamp.
 13334 | Lair:4   | Noticed Snorg
 13361 | Lair:4   | Killed Snorg
 13439 | Lair:4   | Found a staircase to the Snake Pit.
 13546 | Lair:4   | Noticed Harold
 13557 | Lair:4   | Killed Harold
 14118 | Swamp:1  | Entered Level 1 of the Swamp
 14118 | Swamp:1  | Noticed an alligator
 14119 | Swamp:1  | Gained mutation: You have sharp fingernails. [demonic ancestry]
 14119 | Swamp:1  | Reached XP level 13. HP: 106/106 MP: 18/18
 14152 | Lair:4   | Reached skill level 1 in Armour
 14459 | Lair:5   | Reached skill level 10 in Stealth
 14536 | Lair:5   | Reached skill level 1 in Charms
 14721 | Lair:5   | Got an ichor-stained rapier
 14727 | Lair:5   | Identified the cursed +2 rapier "Qookleb" {vamp, rPois MR+ Int+4 Dex+3} (You found it on level 5 of the Lair of Beasts)
 14884 | Lair:5   | Found a viscous altar of Jiyva.
 14885 | Lair:5   | Found a staircase to the Slime Pits.
 15036 | Lair:6   | Entered Level 6 of the Lair of Beasts
 15243 | Lair:6   | Reached skill level 10 in Dodging
 15349 | Lair:6   | Reached skill level 1 in Spellcasting
 15427 | Lair:6   | Found a burning altar of Makhleb.
 15474 | Lair:6   | Reached skill level 10 in Invocations
 15673 | Lair:6   | Found a gateway to Hell.
 16445 | Snake:1  | Entered Level 1 of the Snake Pit
 16752 | Snake:1  | Reached ****** piety under Makhleb
 16805 | Snake:1  | Found a hide-covered altar of Uskayaw.
 16866 | Snake:1  | Gained mutation: You have a pair of horns on your head. [demonic ancestry]
 16866 | Snake:1  | Reached XP level 14. HP: 82/115 MP: 7/19
 16936 | Snake:1  | Learned a level 1 spell: Apportation
 16965 | Snake:1  | Noticed Aizul
 17427 | Swamp:1  | Reached skill level 11 in Invocations
 17499 | Swamp:1  | Noticed Roxanne
 17524 | Swamp:1  | Killed Roxanne
 17889 | Swamp:2  | Noticed Donald
 17898 | Swamp:2  | Killed Donald
 17919 | Swamp:2  | Noticed gobwax's ghost (journeyman MiFi)
 18408 | D:10     | Killed bosm's ghost
 18982 | D:11     | Reached skill level 12 in Invocations
 19012 | D:11     | Found a flagged portal.
 19050 | Bailey   | Entered a bailey
 19165 | Bailey   | Found an iron altar of Okawaru.
 19401 | D:11     | Lost mutation: Your body sometimes deteriorates upon taking damage. [potion of mutation]
 19401 | D:11     | Lost mutation: Your magical capacity is low. (-10% MP) [potion of mutation]
 19401 | D:11     | Lost mutation: Your muscles are strong. (Str +2) [potion of mutation]
 19401 | D:11     | Gained mutation: You are agile. (Dex +2) [potion of mutation]
 19401 | D:11     | Gained mutation: You are robust. (+10% HP) [potion of mutation]
 19476 | D:12     | Reached skill level 5 in Translocations
 19844 | D:12     | Found Noun's Antique Weapon Emporium.
 19941 | D:12     | Got an ancient plate armour
 20501 | D:12     | Gained mutation: Scrolls take you a little longer to read. [mutagenic meat]
 20502 | D:12     | Gained mutation: Your body sometimes deteriorates upon taking damage. [mutagenic meat]
 20503 | D:12     | Gained mutation: You have a pair of large horns on your head. [mutagenic meat]
 20762 | Lair:1   | Learned a level 1 spell: Summon Small Mammal
 20773 | Lair:1   | Identified the +10 plate armour of the Great Game {-Tele rCorr Str+7 Slay+2} (You found it on level 12 of the Dungeon)
 20783 | Lair:1   | Lost mutation: You are agile. (Dex +2) [potion of mutation]
 20783 | Lair:1   | Lost mutation: Your body sometimes deteriorates upon taking damage. [potion of mutation]
 20783 | Lair:1   | Lost mutation: Scrolls take you a little longer to read. [potion of mutation]
 20783 | Lair:1   | Gained mutation: Your spells are a little easier to cast, but a little less powerful. [potion of mutation]
 20783 | Lair:1   | Gained mutation: You evolve. [potion of mutation]
 20874 | D:13     | Reached skill level 13 in Invocations
 20874 | D:13     | Gained mutation: You are powered by pain. [demonic ancestry]
 20874 | D:13     | Reached XP level 15. HP: 134/134 MP: 24/24
 21341 | D:13     | Found a gate to the Vaults.
 21577 | Lair:1   | Learned a level 3 spell: Ignite Poison
 21581 | Lair:1   | Learned a level 3 spell: Mephitic Cloud
 21583 | Lair:1   | Learned a level 1 spell: Sting
 21770 | D:14     | Reached skill level 1 in Poison Magic
 22375 | D:15     | Entered Level 15 of the Dungeon
 22585 | D:15     | Lost mutation: Your spells are a little easier to cast, but a little less powerful. [evolution]
 22699 | D:15     | Reached skill level 1 in Evocations
 22788 | D:15     | Reached skill level 14 in Invocations
 22828 | D:15     | Got an ancient broad axe
 23188 | D:15     | Found a staircase to the Depths.
 23310 | D:15     | Found a basalt altar of Yredelemnul.
 23513 | Depths:1 | Entered Level 1 of the Depths
 23518 | Depths:1 | Noticed a frost giant
 23525 | Depths:1 | Killed a frost giant
 23534 | Depths:1 | Noticed a fire giant
 23534 | Depths:1 | Noticed a lich
 23831 | Orc:2    | Reached skill level 1 in Summonings
 24299 | Orc:2    | Found a staircase to the Elven Halls.
 24490 | Orc:2    | Noticed an orc warlord
 24873 | Orc:2    | Reached skill level 1 in Conjurations
 25096 | Orc:2    | Killed an orc warlord
 25164 | Orc:2    | Found Icucvezani's General Store.
 25165 | Orc:2    | Found Lott's Book Emporium.
 25172 | Orc:2    | Found Pucha's Antique Armour Emporium.
 25172 | Orc:2    | Found Vanoc's Antique Weapon Shoppe.
 25179 | Orc:2    | Bought a book of Party Tricks for 550 gold pieces
 25204 | Orc:2    | Learned a level 5 spell: Alistair's Intoxication
 25206 | Orc:2    | Learned a level 1 spell: Summon Butterflies
 25846 | Elf:1    | Entered Level 1 of the Elven Halls
 26147 | D:11     | Gained mutation: You are dopey. (Int -2) [evolution]
 26360 | Swamp:2  | HP: 6/135 [poisoned by gobwax's ghost]
 26368 | Swamp:2  | Killed gobwax's ghost
 26368 | Swamp:2  | Reached skill level 1 in Transmutations
 26368 | Swamp:2  | Mutation became permanent: You have a pair of horns on your head. [demonic ancestry]
 26368 | Swamp:2  | Gained mutation: You have a pair of large horns on your head. [demonic ancestry]
 26368 | Swamp:2  | Reached XP level 16. HP: 38/143 MP: 6/26
 26612 | Swamp:2  | Reached skill level 1 in Air Magic
 26979 | Swamp:2  | Reached skill level 1 in Shields
 27666 | Snake:1  | Noticed Frances
 27758 | Snake:1  | Killed Aizul
 28343 | Swamp:3  | Noticed Louise
 28388 | Swamp:3  | Killed Louise
 28396 | Swamp:3  | Got a smoking robe
 28974 | Swamp:4  | Entered Level 4 of the Swamp
 29009 | Swamp:4  | Identified the cursed +0 robe of Lifelessness {rN+} (You found it on level 3 of the Swamp)
 29199 | Swamp:4  | Noticed an Executioner
 29366 | Lair:1   | Learned a level 3 spell: Lesser Beckoning
 29555 | Elf:1    | Gained mutation: Potions are less effective at restoring your health. [evolution]
 29558 | Elf:1    | Reached skill level 1 in Fire Magic
 29672 | Elf:1    | Reached skill level 15 in Invocations
 29685 | Elf:1    | Identified Hesmot's Papyrus of Calling
 30264 | Elf:1    | Reached XP level 17. HP: 150/150 MP: 21/28
 30306 | Elf:1    | Gained mutation: Armour fits poorly on your strangely shaped body. [mutagenic meat]
 30635 | Elf:1    | Found Jucueryss's Weapon Boutique.
 30821 | Lair:1   | Lost mutation: Armour fits poorly on your strangely shaped body. [potion of mutation]
 30821 | Lair:1   | Lost mutation: Potions are less effective at restoring your health. [potion of mutation]
 30821 | Lair:1   | Lost mutation: You are dopey. (Int -2) [potion of mutation]
 30821 | Lair:1   | Lost mutation: You evolve. [potion of mutation]
 30821 | Lair:1   | Lost mutation: You are robust. (+10% HP) [potion of mutation]
 30821 | Lair:1   | Gained mutation: You are resistant to electric shocks. (rElec) [potion of mutation]
 30821 | Lair:1   | Gained mutation: Your muscles are strong. (Str +2) [potion of mutation]
 31145 | Swamp:4  | Noticed the 27-headed Lernaean hydra
 31371 | Snake:1  | Killed Frances
 31718 | Snake:1  | Reached skill level 5 in Shields
 31731 | Snake:1  | Identified a scroll of acquirement
 32337 | Swamp:4  | HP: 9/207 [the 27-headed Lernaean hydra (7)]
 32337 | Swamp:4  | HP: 3/207 [the 27-headed Lernaean hydra (5)]
 32337 | Swamp:4  | Slain by the 27-headed Lernaean hydra

Skill      XL: |  1  2  3  4  5  6  7  8  9 10 11 12 13 14 15 16 17 |
---------------+----------------------------------------------------+-----
Dodging        | 3 4 5 6 7 8 9 10 11 12 | 12.3
Short Blades   | 3 4 5 6 7 8 9 10 11 12 13 | 13.1
Stealth        | 2 3 4 5 7 9 10 11 12 13 | 13.2
Fighting       | 4 5 6 8 9 10 11 12 13 | 13.7
Invocations    | 1 3 5 7 9 10 13 14 15 | 15.7
Translocations | 2 3 5 |  5.0
Armour         | 2 3 4 |  4.0
Charms         | 1 |  1.0
Spellcasting   | 1 2 |  2.9
Poison Magic   | 3 4 |  4.2
Evocations     | 1 |  1.6
Summonings     | 2 |  2.0
Conjurations   | 1 2 |  2.8
Transmutations | 1 3 |  3.0
Air Magic      | 2 |  2.2
Shields        | 4 5 |  5.0
Fire Magic     | 1 3 |  3.0

Action                   |  1- 3 |  4- 6 |  7- 9 | 10-12 | 13-15 | 16-18 || total
-------------------------+-------+-------+-------+-------+-------+-------++-------
Melee: Short sword       |    53 |       |       |   562 |    72 |       ||   687
       Kick              |    10 |    26 |    95 |   226 |   614 |   331 ||  1302
       Dagger            |    19 |   138 |   294 |    26 |       |       ||   477
       Headbutt          |       |       |       |   160 |   378 |   218 ||   756
       Rapier            |       |       |       |       |  1254 |   752 ||  2006
       Quick blade       |       |       |       |       |       |    26 ||    26
Throw: Tomahawk          |       |     3 |     5 |     1 |       |       ||     9
 Cast: Shroud of Golubri |       |       |       |     1 |    13 |     6 ||    20
       Apportation       |       |       |       |       |     6 |    14 ||    20
       Sting             |       |       |       |       |    68 |    28 ||    96
       Mephitic Cloud    |       |       |       |       |     1 |     2 ||     3
       Summon Small Mamm |       |       |       |       |     1 |       ||     1
       Ignite Poison     |       |       |       |       |       |     5 ||     5
Invok: Minor Destruction |       |       |       |    49 |   336 |   129 ||   514
       Major Destruction |       |       |       |     1 |     4 |     1 ||     6
       Lesser Servant of |       |       |       |     1 |    50 |    24 ||    75
       Greater Servant o |       |       |       |       |     1 |     2 ||     3
Evoke: Wand              |       |       |       |       |     8 |     9 ||    17
       Lightning rod     |       |       |       |       |     4 |     8 ||    12
  Use: Scroll            |       |       |     1 |    21 |    18 |    15 ||    55
       Potion            |       |       |       |     2 |     3 |     2 ||     7
 Stab: Sleeping          |     6 |       |     8 |    14 |    21 |    10 ||    59
       Distracted        |       |       |     1 |     3 |    24 |    12 ||    40
       Petrifying        |       |       |       |       |       |     2 ||     2
       Confused          |       |       |       |       |       |     1 ||     1
  Eat: Chunk             |     2 |     5 |    10 |    20 |    36 |    14 ||    87
       Meat ration       |       |       |     1 |     1 |     2 |     2 ||     6
       Bread ration      |       |       |       |       |     1 |       ||     1
       Fruit             |       |       |       |       |       |     3 ||     3
Armor: Robe              |    30 |    21 |    31 |    36 |       |       ||   118
       Troll leather arm |       |       |       |     2 |   114 |    58 ||   174
       Skin              |       |       |       |       |       |    52 ||    52
Dodge: Dodged            |    36 |    87 |   123 |   375 |  1092 |   506 ||  2219
Block: Buckler           |       |       |       |       |       |   191 ||   191
       Reflection        |       |       |       |       |       |     9 ||     9
